Description

ZvT roach timing

Build Order

Why is there no SALT encoding or Overwolf build?

  17  0:53  Hatchery  
  18  1:04  Extractor  
  17  1:15  Spawning Pool  
  20  2:00  Zergling x2, Queen x2  
  26  2:15  Overlord, Metabolic Boost  
  33    Queen  queen at natural
  36    Overlord  
  30  2:40  Hatchery  3rd hatch
  40  3:20  Roach Warren, Overlord x3  
  44  3:40  Extractor x2  
  48    Roach x10  When roaches done, make 3-4 ravagers and spam lings and do damage while droning
Spawning Tool Build Advisor. Get it on Overwolf

Go to:

Details

  • Created by: roarbot
  • Published on: Apr 05, 2018
  • Modified on: Apr 05, 2018
  • Patch: 4.0.0
Show

Export as new Build Order

Comments (1)

On April 5, 2018, 10:36 p.m., StoicLoofah  said:

Thanks for sharing the build! Do you have a replay of it?

Create an account to comment!